 Dungeon Sprint DCSS version 0.32-a0-666-ge8a88695a4 (webtiles) character file.

Game seed: 7734300920832576951

119 adelrune the Shield-Bearer (level 5, -1/44 HPs)
             Began as a Formicid Fighter on Mar 9, 2024.
             Slain by a black bear (3 damage)
             ... in the Dungeon (Sprint IX: "|||||||||||||||||||||||||||||").
             The game lasted 00:00:32 (68 turns).

adelrune the Shield-Bearer (Formicid Fighter)         Turns: 68, Time: 00:00:33

Health: -1/44      AC:  7    Str: 22    XL:     5   Next: 23%
Magic:  5/5        EV: 11    Int:  8    God:
Gold:   0          SH:  5    Dex: 13    Spells: 4/4 levels left

rFire   . . .        a - +0 flail
rCold   . . .        c - +0 buckler
rNeg    . . .        b - +0 scale mail
rPois   .            (helmet unavailable)
rElec   .            (no cloak)
rCorr   .            (no gloves)
SInv    +            (no boots)
Will    .....        (no amulet) Stlth
                     (no ring)
HPRegen 0.27/turn    (no ring)
MPRegen 0.09/turn

%: no passive effects
@: mighty
A: permanent stasis, dig shafts and tunnels, antennae 3, four strong arms
a: Dig


You were in the Dungeon.
You visited 1 branch

Inventory:

Hand Weapons
 a - a +0 flail (weapon)
Armour
 b - a +0 scale mail (worn)
 c - a +0 buckler (worn)
Potions
 e - a potion of curing
 f - a potion of heal wounds
 g - 2 potions of magic


   Skills:
 + Level 5.3 Fighting
 * Level 5.8 Maces & Flails
 + Level 5.3 Armour
 + Level 3.1 Dodging
 + Level 6.3 Shields


You had 4 spell levels left.
You didn't know any spells.
Your spell library was empty.

Dungeon Overview and Level Annotations

Branches:
Dungeon (1/1)

Altars:


Innate Abilities, Weirdness & Mutations

You cannot be hasted, slowed, berserked, paralysed or teleported.
You can dig through walls and to a lower floor.
You have a pair of large antennae on your head. (SInv)
Your four strong arms can wield two-handed weapons with a shield.


Message History

Your Shields skill increases to level 6!
You have reached level 5!
You hit the black bear but do no damage.
The black bear barely misses you. The black bear completely misses you.
The black bear claws you but does no damage.
You barely miss the black bear. The black bear misses you.
The black bear claws you.
The black bear claws you but does no damage.
You barely miss the black bear. The black bear bites you.
The black bear barely misses you. The black bear claws you.
You sock the black bear!
The black bear is heavily wounded.
The black bear barely misses you. The black bear claws you.
You block the black bear's attack. The black bear bites you.
The black bear completely misses you. x2
You closely miss the black bear.
The black bear is heavily wounded.
The black bear bites you.
* * * LOW HITPOINT WARNING * * *
The black bear claws you but does no damage.
You block the black bear's attack.
You hit the black bear but do no damage.
The black bear is heavily wounded.
The black bear bites you but does no damage.
The black bear barely misses you. The black bear closely misses you.
You sock the black bear!
The black bear is severely wounded.
The black bear bites you but does no damage.
The black bear claws you but does no damage. x2
You barely miss the black bear.
The black bear is severely wounded.
The black bear goes berserk!
You barely miss the black bear.
The black bear is severely wounded.
The black bear bites you!
* * * LOW HITPOINT WARNING * * *
The black bear misses you.
The black bear claws you but does no damage.
The black bear bites you.
You die...

▓.▓
▓.▓
▓.▓
▓)▓
▓.▓
▓.▓
▓.▓
▓.▓
▓@▓
▓h▓
▓.▓
▓.▓
▓.▓
▓.▓
▓.▓
▓+▓


You could see a black bear (berserk).

Vanquished Creatures
  A scorpion (D)
  2 orc wizards (D)
  An ufetubus (D)
  3 bats (D)
  A kobold (D)
  A frilled lizard (D)
9 creatures vanquished.

Notes
Turn   | Place    | Note
-------+----------+-------------------------------------------
     0 | D        | adelrune the Formicid Fighter began the quest for the Orb.
     0 | D        | Reached XP level 1. HP: 18/18 MP: 1/1
    38 | D        | Noticed an orc wizard
    38 | D        | Noticed an orc wizard
    38 | D        | Noticed a scorpion
    38 | D        | Noticed a black bear
    42 | D        | Reached skill level 1 in Dodging
    42 | D        | Reached XP level 2. HP: 20/25 MP: 2/2
    51 | D        | Reached skill level 5 in Shields
    51 | D        | Reached XP level 3. HP: 14/30 MP: 3/3
    53 | D        | Reached XP level 4. HP: 19/38 MP: 4/4
    59 | D        | Killed a scorpion
    60 | D        | Reached skill level 5 in Fighting
    60 | D        | Reached skill level 5 in Maces & Flails
    60 | D        | Reached skill level 5 in Armour
    60 | D        | Reached skill level 6 in Shields
    60 | D        | Reached XP level 5. HP: 25/44 MP: 5/5
    68 | D        | HP: 2/44 [black bear (10)]
    68 | D        | Slain by a black bear

Illustrated notes

Levels and vault maps discovered:
D:        linesprint [early_d, line_temple, items_1, d_10, items_2, lair_1,
          lair_end, items_3, orc_1, orc_end, items_4, d_15, swamp_1, shoals_1,
          snake_1, spider_1, d_20, vaults_1, items_5, swamp_end, shoals_end,
          snake_end, spider_end, vaults_end, d_27, items_6, zot_1, zot_end,
          crypt_end, forest_end, elf_end, slime_end, tomb_end, abyss_end,
          pan_hell_end]

Skill      XL: |  1  2  3  4 |
---------------+-------------+-----
Maces & Flails | 3 4 5 |  5.8
Dodging        | 1 2 3 |  3.1
Fighting       | 4 5 |  5.3
Armour         | 4 5 |  5.3
Shields        | 5 6 |  6.3

Action                     |  1- 3 |  4- 6 || total
---------------------------+-------+-------++-------
  Melee: Flail             |    42 |    15 ||    57
    Use: Potion            |       |     1 ||     1
 Armour: Scale mail        |    38 |    18 ||    56
  Dodge: Dodged            |    29 |    12 ||    41
  Block: Buckler           |     9 |     6 ||    15

Table legend: (Time is in decaauts)
 A = Elapsed time spent in this place.
 B = Non-inter-level travel time spent in this place.
 C = Inter-level travel time spent in this place.
 D = Time resting spent in this place.
 E = Time spent auto-exploring this place.
 F = Levels seen in this place.
 G = Mean time per level.
                   A        B        C        D        E       F      G
               +--------+--------+--------+--------+--------+-----+--------+
         Total |     82 |     82 |      0 |      0 |      0 |   1 |   82.0 |
       Dungeon |     82 |     82 |      0 |      0 |      0 |   1 |   82.0 |
               +--------+--------+--------+--------+--------+-----+--------+

Top non-repeatable levels by time:
       D: 82 daAuts
